 Dungeon Crawl Stone Soup version 0.29.1-2-gbd0b4ee654 (webtiles) character file.

Game seed: 13968834889855361191

76 qeuew the Sneak (level 4, -6/21 HPs)
             Began as a Spriggan Enchanter on Nov 11, 2022.
             Killed from afar by Sigmund (9 damage)
             ... with a magic dart
             ... on level 2 of the Dungeon.
             The game lasted 00:02:05 (2507 turns).

qeuew the Sneak (Spriggan Enchanter)                Turns: 2507, Time: 00:02:06

Health: -6/21      AC:  2    Str:  4    XL:     4   Next: 12%
Magic:  5/10       EV: 18    Int: 16    God:
Gold:   43         SH:  0    Dex: 17    Spells: 1/9 levels left

rFire   . . .      SeeInvis +   a - +1 dagger
rCold   . . .      Faith    .   (no shield)
rNeg    . . .      Spirit   .   b - +0 robe
rPois   .          Reflect  .   (helmet restricted)
rElec   .          Harm     .   (no cloak)
rCorr   .          Rampage  .   (gloves unavailable)
Will    .....                   (boots unavailable)
Stlth   +++.......              (no amulet)
HPRegen 0.07/turn               (no ring)
MPRegen 0.12/turn               (no ring)

@: very quick
A: very small, no large weapons, unfitting armour, see invisible, speed 3
a: no special abilities


You were on level 2 of the Dungeon.
You visited 1 branch of the dungeon, and saw 2 of its levels.

You collected 43 gold pieces.

Inventory:

Hand Weapons
 a - a +1 dagger (weapon)
Armour
 b - a +0 robe (worn)
Potions
 c - 2 potions of invisibility
 d - a potion of magic {unknown}
 e - 2 potions of curing {unknown}
 f - a potion of mutation {unknown}


   Skills:
 + Level 1.9 Short Blades
 + Level 3.3 Dodging
 * Level 5.7 Stealth
 + Level 3.3 Spellcasting
 + Level 4.2 Hexes


You had one spell level left.
You knew the following spells:

 Your Spells              Type           Power      Damage    Failure   Level
a - Ensorcelled Hibernat  Hex/Ice        18%        N/A       12%         2
b - Confusing Touch       Hex            16%        N/A       10%         3
c - Tukima's Dance        Hex            16%        N/A       10%         3

Your spell library contained the following spells:

 Spells                   Type           Power      Damage    Failure   Level
 Dazzling Flash           Conj/Hex       18%        N/A       22%         3
 Blink                    Tloc           4%         N/A       26%         2
 Lesser Beckoning         Tloc           2%         N/A       47%         3
 Manifold Assault         Tloc           2%         N/A       99%         5


Dungeon Overview and Level Annotations

Branches:
Dungeon (2/15)

Altars:

Annotations:
D:2 Sigmund


Innate Abilities, Weirdness & Mutations

You are very small and have problems with some larger weapons.
You are too small for most types of armour.
You have supernaturally acute eyesight. (SInv)
You cover ground extremely quickly. (Speed+++)


Message History

You feel sick. The adder bites you. The adder barely misses you.
You barely miss the adder.
The adder is lightly wounded.
The adder bites you.
You are more poisoned.
The adder poisons you!
You closely miss the adder.
The adder is lightly wounded.
You feel sick. The adder closely misses you.
There are monsters nearby!
There are monsters nearby!
You are too injured to fight recklessly!
Aiming: Ensorcelled Hibernation (safe; 12% risk of failure)
Press: ? - help, Q - select action Shift-Dir - straight line, f - adder
Aim: an adder (lightly wounded, chance to affect: 51%)
The adder resists with some effort.
You feel sick. The adder misses you.
Aiming: Ensorcelled Hibernation (safe; 12% risk of failure)
Press: ? - help, Q - select action Shift-Dir - straight line, f/p - adder
Aim: an adder (lightly wounded, chance to affect: 51%)
The adder looks drowsy...
You feel sick.
You are too injured to fight recklessly!
The helpless adder fails to defend itself.
You impale the adder!!
You kill the adder!
* * * LOW HITPOINT WARNING * * *
You feel sick.
You have reached level 4!
You feel sick.
You see here a pink potion.
e - 2 pink potions (gained 1)
You feel sick.
Sigmund shouts!
You feel sick.
You are no longer poisoned.
There is a faded altar of an unknown god here.
Sigmund casts a spell at you. The magic dart hits you!
You die...

.........#
#
#8.8@....#
#
#÷....8..#
##
#..÷.....+
+.
#....÷...#
##
#†..÷..# #
#.....8###
#
#........#
#
#_.@÷.#..#
# #######
# # ...
### # # #
#


You could see Sigmund.

Vanquished Creatures
  Crazy Yiuf (D:2)
  2 adders (D:2)
  2 endoplasms (D:1)
  A giant cockroach (D:1)
  2 goblins (D:1)
  4 hobgoblins (D:1)
  4 kobolds (D:1)
  5 ball pythons (D:1)
  5 bats (D:1)
  3 frilled lizards
  A rat (D:1)
30 creatures vanquished.

Notes
Turn   | Place    | Note
-------+----------+-------------------------------------------
     0 | D:1      | qeuew the Spriggan Enchanter began the quest for the Orb.
     0 | D:1      | Reached XP level 1. HP: 9/9 MP: 5/5
   530 | D:1      | Reached XP level 2. HP: 13/13 MP: 6/6
  1122 | D:1      | Learned a level 2 spell: Ensorcelled Hibernation
  1281 | D:1      | Reached skill level 5 in Stealth
  1804 | D:1      | Reached XP level 3. HP: 16/16 MP: 8/8
  2214 | D:2      | Found a runed translucent door.
  2215 | D:2      | Noticed Crazy Yiuf
  2221 | D:2      | Killed Crazy Yiuf
  2317 | D:2      | Learned a level 3 spell: Confusing Touch
  2321 | D:2      | Learned a level 3 spell: Tukima's Dance
  2491 | D:2      | Found a faded altar of an unknown god.
  2493 | D:2      | Noticed Sigmund
  2502 | D:2      | Reached XP level 4. HP: 5/21 MP: 5/10
  2507 | D:2      | Killed from afar by Sigmund

Illustrated notes

Levels and vault maps discovered:
D:1:      wander_arrival_desolate, layout_basic
D:2:      layout_basic, shapermc_ecumenical_altar_pompeii, uniq_sigmund,
          uniq_crazy_yiuf_cottage

Skill      XL: |  1  2  3 |
---------------+----------+-----
Spellcasting   | 3 |  3.3
Dodging        | 3 |  3.3
Stealth        | 5 |  5.7
Hexes          | 4 |  4.2
Short Blades   | |  1.9

Action                   |  1- 3 |  4- 6 || total
-------------------------+-------+-------++-------
Melee: Dagger            |   110 |       ||   110
 Cast: Ensorcelled Hiber |     5 |       ||     5
  Use: Scroll            |     3 |       ||     3
 Stab: Sleeping          |    10 |       ||    10
Armor: Robe              |    19 |       ||    19
Dodge: Dodged            |    86 |       ||    86
